 Dungeon Crawl Stone Soup version 0.30.0-29-ga12c61a403 (webtiles) character file.

Game seed: 16309728691779243295

121601 Graphine the Acrobat (level 16, -4/147 HPs)
             Began as a Merfolk Gladiator on June 20, 2023.
             Was the Champion of Wu Jian.
             Slain by Agnes
             ... wielding a +2 lajatang of speed
              (33 damage)
             ... on level 3 of the Spider Nest.
             The game lasted 01:29:47 (27141 turns).

Graphine the Acrobat (Merfolk Gladiator)           Turns: 27141, Time: 01:29:47

Health: -4/147     AC: 10    Str: 13 (15) XL:     16   Next: 85%
Magic:  4/16       EV: 21    Int: 10      God:    Wu Jian [******]
Gold:   1477       SH: 21    Dex: 18 (20) Spells: 15/15 levels left

rFire   + + +        R - +9 double sword "Laffou Oveuts" {heavy, rElec}
rCold   + + .        A - +3 kite shield {rF+}
rNeg    . . .        x - +0 ring mail {rC+}
rPois   +            g - +2 helmet {SInv}
rElec   +            y - scarf {rC+ rF+}
rCorr   +            V - +1 pair of gloves of the Curious Geomancers {+Inv Stlth+}
SInv    +            (no boots)
Will    +....        K - amulet "Jyiq" {Reflect Harm rElec rF++ Int-2 SH+5}
Stlth   ++++++       l - ring "Mocievog" {Contam rPois rF+++ rCorr SInv}
HPRegen 0.44/turn    b - ring of resist corrosion
MPRegen 0.15/turn

%: harm (+30% outgoing, +20% incoming), reflection, clarity
@: studying Long Blades
A: (nimble swimmer 2), mertail, camouflage 1, clarity, clever 1, deterioration
1, robust 1, teleportitis 1
a: Renounce Religion, Evoke Invisibility, Wall Jump, Serpent's Lash, Heavenly
Storm


You were on level 3 of the Spider Nest.
You worshipped Wu Jian.
Wu Jian was exalted by your worship.
You visited 7 branches of the dungeon, and saw 25 of its levels.
You visited the Abyss 1 time.
You also visited: Sewer and Ice Cave.

You collected 2727 gold pieces.
You spent 1250 gold pieces at shops.

Inventory:

Hand Weapons
 j - a +9 demon blade of electrocution
 R - the +9 double sword "Laffou Oveuts" (weapon) {heavy, rElec}
   (You acquired it on level 11 of the Dungeon)

   rElec:     It insulates you from electricity.
Missiles
 d - a throwing net
 e - 4 javelins (quivered)
 B - 3 curare-tipped darts
 Z - 2 silver javelins
Armour
 g - a +2 helmet of see invisible (worn)
 x - a +0 ring mail of cold resistance (worn)
 y - a scarf of resistance (worn)
 A - a +3 kite shield of fire resistance (worn)
 V - the +1 pair of gloves of the Curious Geomancers (worn) {+Inv Stlth+}
   (You bought it in a shop on level 6 of the Dungeon)

   +Inv:      It lets you turn invisible.
   Stlth:     It makes you more stealthy.
Jewellery
 b - a ring of resist corrosion (right hand)
 c - a ring of positive energy
 k - a +5 ring of evasion
 l - the ring "Mocievog" (left hand) {Contam rPois rF+++ rCorr SInv}
   (You took it off an orc wizard on level 7 of the Dungeon)

   [ring of poison resistance]

   rF:        It renders you almost immune to fire.
   rPois:     It protects you from poison.
   SInv:      It lets you see invisible.
   Contam:    It causes magical contamination when unequipped.
   rCorr:     It protects you from acid and corrosion.
 p - an amulet of guardian spirit
 K - the amulet "Jyiq" (around neck) {Reflect Harm rElec rF++ Int-2 SH+5}
   (You bought it in a shop on level 6 of the Dungeon)

   [amulet of reflection]

   It reflects blocked missile attacks.
   Int:       It affects your intelligence (-2).
   rF:        It greatly protects you from fire.
   rElec:     It insulates you from electricity.
   SH:        It affects your SH (+5).
   Harm:      It increases damage dealt and taken.
 L - the amulet of the Centipede {Acrobat Dex+3}
   (You bought it in a shop on level 6 of the Dungeon)

   [amulet of the acrobat]

   It increases your evasion while moving and waiting.
   Dex:       It affects your dexterity (+3).
 O - a ring of wizardry
 U - the ring "Inesukume" {rC- rN+ Will+ Dex+6}
   (You found it in an ice cave)

   [ring of positive energy]

   Dex:       It affects your dexterity (+6).
   rC:        It makes you vulnerable to cold.
   rN:        It protects you from negative energy.
   Will:      It increases your willpower.
Wands
 n - a wand of charming (10)
 E - a wand of light (3)
 G - a wand of roots (9)
 T - a wand of digging (3)
Scrolls
 m - 2 scrolls of silence
 r - 4 scrolls of poison
 v - a scroll of teleportation
 z - 5 scrolls of immolation
 D - 2 scrolls of amnesia
 F - 5 scrolls of fog
 H - a scroll of enchant armour
 M - 3 scrolls of butterflies
 N - 2 scrolls of brand weapon
 Q - 2 scrolls of magic mapping
 S - a scroll of enchant weapon
 X - a scroll of blinking
 Y - a scroll of torment
Potions
 f - 2 potions of ambrosia
 h - 4 potions of attraction
 q - 4 potions of magic
 s - 3 potions of haste
 u - 5 potions of curing
 w - 4 potions of might
 C - a potion of brilliance
 I - a potion of cancellation
 J - a potion of resistance
 P - 4 potions of flight
 W - 2 potions of invisibility


   Skills:
 + Level 14.4 Fighting
 - Level 20.0 Long Blades
 - Level 10.0 Throwing
 - Level 21.0 Dodging
 * Level 8.7 Stealth
 - Level 12.0 Shields


You had 15 spell levels left.
You didn't know any spells.
Your spell library contained the following spells:

 Spells                   Type           Power      Damage    Failure   Level
 Kiss of Death            Conj/Necr      0%         2d5       88%         1
 Sandblast                Erth           0%         2d4       88%         1
 Summon Small Mammal      Summ           0%         N/A       88%         1
 Cigotuvi's Dreadful Rot  Necr/Pois/Air  0%         N/A       95%         2
 Passwall                 Tmut/Erth      0%         N/A       95%         2
 Call Canine Familiar     Summ           0%         N/A       99%         3
 Confusing Touch          Hex            0%         N/A       99%         3
 Hailstorm                Conj/Ice       0%         3d3       99%         3
 Ignite Poison            Fire/Tmut/Pois 0%         N/A       99%         3
 Stone Arrow              Conj/Erth      0%         3d7       99%         3
 Summon Guardian Golem    Hex/Summ       0%         N/A       99%         3
 Tukima's Dance           Hex            0%         N/A       99%         3
 Animate Dead             Necr           0%         N/A       100%        4
 Dispel Undead            Necr           0%         3d6       100%        4
 Ice Form                 Ice/Tmut       0%         N/A       100%        4
 Passage of Golubria      Tloc           0%         N/A       100%        4
 Petrify                  Tmut/Erth      0%         N/A       100%        4
 Alistair's Intoxication  Tmut/Pois      0%         N/A       100%        5
 Borgnjor's Vile Clutch   Necr/Erth      0%         N/A       100%        5
 Freezing Cloud           Conj/Ice/Air   0%         6-21      100%        5
 Iskenderun's Battlesphe  Conj           0%         2d6       100%        5
 Metabolic Englaciation   Hex/Ice        0%         N/A       100%        5
 Yara's Violent Unravell  Hex/Tmut       0%         3d3       100%        5
 Eringya's Noxious Bog    Tmut/Pois      0%         N/A       100%        6
 Iron Shot                Conj/Erth      0%         9d1       100%        6
 Simulacrum               Ice/Necr       0%         N/A       100%        6
 Statue Form              Tmut/Erth      0%         N/A       100%        6
 Haunt                    Necr/Summ      0%         N/A       100%        7
 Spellforged Servitor     Conj/Summ      0%         N/A       100%        7
 Infestation              Necr           0%         N/A       100%        8


Dungeon Overview and Level Annotations

Branches:
Dungeon (12/15)            Temple (1/1) D:7            Lair (5/5) D:11
  Swamp (0/4) Lair:2       Spider (3/4) Lair:2        Slime (1/5) Lair:4
    Orc (2/2) D:9             Elf (1/3) Orc:2         Sewer (visited)
  IceCv (visited)

Altars:
Ashenzari
Cheibriados
Dithmenos
Fedhas
Gozag
Makhleb
Nemelex Xobeh
Okawaru
Ru
Sif Muna
Trog
Uskayaw
Vehumet
Wu Jian
Xom
Yredelemnul
Zin
Jiyva

Shops:
D:6 [*(   D:11 [   Orc:2 *:!(

Portals:
Trove: D:12 (give 4 potions of resistance)

Annotations:
Spider:3 Agnes, Azrael


Innate Abilities, Weirdness & Mutations

((You are very nimble when in or above water. (Stealth+, EV+, Speed+++)))
Your lower body shifts to a powerful aquatic tail in water.
Your skin changes colour to match your surroundings (Stealth+).
You possess an exceptional clarity of mind.
Your mind is acute. (Int +4, Str/Dex -1)
Your body sometimes deteriorates upon taking damage.
You are robust. (+10% HP)
You are occasionally teleported next to monsters.


Message History

As you read the scroll of teleportation, it crumbles to dust.
You feel strangely unstable. You block Azrael's attack.
The hell hound breathes flames at you. The blast of flame misses you.
Okay, then.
You feel better. You block the hell hound's attack. Azrael gestures at you.
The bolt of fire hits you! You resist.
* * * LOW HITPOINT WARNING * * *
The hell hound closely misses you.
Hit: R) +9 double sword "Laffou Oveuts" {heavy, rElec}
Press: ? - help, Dir - move target, f/p - Azrael
Aim: Azrael, wielding a +0 scimitar of flaming (about 13% to evade the +9 double sword "Laffou Oveuts")
You slash Azrael!
Azrael is lightly wounded.
Your surroundings suddenly seem different.
A sun moth comes into view.
Found a potion of lignification.
A culicivora comes into view.
A tarantella comes into view.
Agnes the Wanderer comes into view.
She is wielding a +2 lajatang of speed.
The tarantella's many legs skitter faintly.
The tarantella touches you!
* * * LOW HITPOINT WARNING * * *
You feel momentarily confused.
Agnes shouts!
You spin to attack the tarantella, but your attack speed is too slow for a blow to land.
You block the tarantella's attack.
Found a dagger.
You spin and attack the tarantella.
You hit the tarantella.
The tarantella is lightly wounded.
The tarantella misses you. You block the tarantella's attack.
You spin and attack the tarantella.
You slice the tarantella!!
The tarantella is almost dead.
You block the tarantella's attack. Agnes misses you.
You slice the tarantella like a ripe choko!!!
You kill the tarantella!
The Council accepts your kill.
Agnes asks, "Have you seen my kris anywhere?"
Agnes hits you with a +2 lajatang of speed!!
You die...

..s #####...# #
#.^#^.## #
##.....###
##........###
##...........#
##............#
...^
#.............^#
...
####†.....#.####
..# #@i.....###
°.#####..
#........##
h....#...
#........##
°○.......
#........... ..#
...
#............
..##.#
..............
... #....##.#
)..^.####....##
.. #.......#
...#. .##.# ..
......... .##.##
.#


You could see Agnes.

Vanquished Creatures
  Bai Suzhen (Spider:3)
  Nikola (Spider:1)
  Jorgrun (D:9)
  2 tentacled starspawn (Abyss:3)
  Roxanne (Spider:1)
  An emperor scorpion (Spider:1)
  3 ghost moths
  Louise (Spider:1)
  The ghost of AIAndy the Eclecticist, a journeyman MeEE of Vehumet (Orc:2)
  2 broodmothers (Spider:3)
  A black draconian (Abyss:3)
  A spark wasp (Spider:2)
  A blizzard demon (Abyss:3)
  2 entropy weavers (Spider:2)
  A jorogumo (Spider:1)
  2 catoblepae (Lair:5)
  A hydra (Lair:5)
  A spriggan skeleton (Abyss:3)
  2 two-headed ogres
  4 boulder beetles
  2 radroaches (Spider:1)
  Urug (Lair:5)
  3 orc high priests (Orc:2)
  2 sun demons (Abyss:3)
  Sonja (D:11)
  Nergalle (Orc:1)
  Lodul (D:11)
  A wretched star (Abyss:3)
  4 pharaoh ants
  A skyshark (Lair:4)
  A sun moth (Spider:3)
  A sixfirhy (Abyss:3)
  5 orb spiders
  2 lindwurms
  A necromancer (IceCv)
  6 orc knights
  7 steelbarb worms
  14 wolf spiders
  2 cyclopes (D:11)
  5 orc sorcerers (Orc:2)
  3 manticores
  An ugly thing (IceCv)
  An oklob plant (Lair:1)
  2 slime creatures (D:12)
  6 black mambas
  An apocalypse crab (Abyss:3)
  5 demonic crawlers
  A gargoyle (D:10)
  5 torpor snails
  16 cane toads
  An ice statue (IceCv)
  4 kobold demonologists
  13 ice devils (IceCv)
  5 freezing wraiths (IceCv)
  2 rime drakes (Lair:5)
  An anaconda simulacrum (IceCv)
  12 komodo dragons
  3 trolls
  10 polar bears
  Grinder (D:5)
  4 hornets
  Prince Ribbit (D:5)
  14 blink frogs
  23 tarantellas
  4 raiju (Abyss:3)
  2 dream sheep (Lair:5)
  15 jumping spiders
  12 culicivoras
  2 large abominations
  A shadow (D:12)
  4 wyverns
  39 yaks
  4 wraiths
  6 basilisks
  A steam dragon (D:7)
  9 vampire mosquitoes
  31 redbacks
  Menkaure (D:7)
  4 death yak simulacra (IceCv)
  A harpy simulacrum (IceCv)
  2 hydra simulacra (IceCv)
  7 wargs
  18 hell hounds
  13 water moccasins
  23 orc warriors
  13 black bears
  An ice beast (D:8)
  16 wolves
  15 ogres
  A centaur (D:5)
  A phantom (D:5)
  6 kobold brigands
  A gnoll sergeant (D:7)
  20 bullfrogs
  7 scorpions
  A two-headed ogre simulacrum (IceCv)
  3 cane toad simulacra (IceCv)
  20 wights
  13 killer bees
  3 elephant simulacra (IceCv)
  2 electric eels
  27 orc priests
  2 hounds
  2 jellies
  A gnoll bouda (D:5)
  Jessica (D:3)
  2 iguanas
  24 orc wizards
  3 polar bear simulacra (IceCv)
  2 troll simulacra (IceCv)
  3 spriggan simulacra (IceCv)
  7 wolf simulacra (IceCv)
  Robin (D:4)
  14 gnolls
  10 adders
  2 shadow imps
  5 white imps
  An ufetubus (D:5)
  5 worms
  2 dart slugs (D:1)
  61 orcs
  4 endoplasms
  11 giant cockroaches
  18 goblins
  7 hobgoblins
  8 jackals (D:2)
  38 kobolds
  5 quokkas
  13 ball pythons
  8 bats
  18 frilled lizards
  7 rats
860 creatures vanquished.

Vanquished Creatures (others)
  11 starspawn tentacles (Abyss:3)
11 creatures vanquished.

Grand Total: 871 creatures vanquished

Notes
Turn   | Place    | Note
-------+----------+-------------------------------------------
     0 | D:1      | Graphine the Merfolk Gladiator began the quest for the Orb.
     0 | D:1      | Reached XP level 1. HP: 16/16 MP: 1/1
   108 | D:1      | Reached XP level 2. HP: 23/23 MP: 2/2
   329 | D:1      | Found a faded altar of an unknown god.
   418 | D:1      | Reached XP level 3. HP: 28/28 MP: 3/3
   824 | D:1      | Identified a scroll of acquirement
   824 | D:1      | Acquired a +8 demon blade of electrocution
  1282 | D:2      | Reached skill level 5 in Dodging
  1326 | D:2      | Reached XP level 4. HP: 34/34 MP: 4/4
  1548 | D:2      | Reached XP level 5. HP: 35/41 MP: 5/5
  2447 | D:3      | Found a radiant altar of Vehumet.
  2470 | D:3      | Reached skill level 6 in Dodging
  2503 | D:3      | Noticed Jessica
  2510 | D:3      | Killed Jessica
  2576 | D:3      | Gained mutation: You have very sharp teeth. [potion of
                  | mutation]
  2576 | D:3      | Gained mutation: Armour fits poorly on your strangely
                  | shaped body. [potion of mutation]
  2577 | D:3      | Lost mutation: Armour fits poorly on your strangely shaped
                  | body. [potion of mutation]
  2577 | D:3      | Lost mutation: You have very sharp teeth. [potion of
                  | mutation]
  2577 | D:3      | Gained mutation: You are robust. (+10% HP) [potion of
                  | mutation]
  2577 | D:3      | Gained mutation: Your body sometimes deteriorates upon
                  | taking damage. [potion of mutation]
  2577 | D:3      | Gained mutation: Your skin changes colour to match your
                  | surroundings (Stealth+). [potion of mutation]
  2577 | D:3      | Gained mutation: You have hidden genetic potential. [potion
                  | of mutation]
  2582 | D:4      | Found a glowing drain.
  2598 | Sewer    | Entered a sewer
  2649 | Sewer    | Reached XP level 6. HP: 51/51 MP: 6/6
  2750 | Sewer    | Reached skill level 1 in Shields
  2767 | Sewer    | Gained mutation: Your mind is acute. (Int +4, Str/Dex -1)
                  | [hidden potential]
  2827 | D:4      | Noticed Robin
  2837 | D:4      | Killed Robin
  2934 | D:4      | Reached skill level 5 in Long Blades
  2974 | D:4      | Reached skill level 7 in Dodging
  2974 | D:4      | Reached XP level 7. HP: 30/59 MP: 7/7
  3200 | D:4      | Gained mutation: You possess an exceptional clarity of
                  | mind. [hidden potential]
  3200 | D:4      | Lost mutation: You have hidden genetic potential. [hidden
                  | potential expressed]
  3753 | D:5      | Entered Level 5 of the Dungeon
  3776 | D:5      | Reached skill level 8 in Dodging
  3783 | D:5      | Reached XP level 8. HP: 32/67 MP: 8/8
  4557 | D:5      | Found a bloodstained altar of Trog.
  4633 | D:5      | Noticed Grinder
  4641 | D:5      | Killed Grinder
  4642 | D:5      | Reached skill level 5 in Fighting
  4642 | D:5      | Reached skill level 9 in Dodging
  4684 | D:5      | Noticed Prince Ribbit
  4697 | D:5      | Killed Prince Ribbit
  4757 | D:6      | Found a blossoming altar of Fedhas.
  4766 | D:6      | Reached XP level 9. HP: 71/74 MP: 9/9
  4794 | D:6      | Found Jeguede's Antique Weapon Boutique.
  4809 | D:6      | Reached skill level 5 in Throwing
  4817 | D:6      | Reached skill level 10 in Dodging
  4926 | D:6      | Found Mataeg's Assorted Antiques.
  4949 | D:6      | Bought a faintly glowing platinum amulet for 155 gold
                  | pieces
  4949 | D:6      | Identified the amulet "Jyiq" {Reflect Harm rElec rF++ Int-2
                  | SH+5} (You bought it in a shop on level 6 of the Dungeon)
  4959 | D:6      | Bought a transparent iron amulet for 155 gold pieces
  4959 | D:6      | Identified the amulet of the Centipede {Acrobat Dex+3} (You
                  | bought it in a shop on level 6 of the Dungeon)
  5096 | D:6      | Found Rolurr's Antique Armour Boutique.
  5395 | D:7      | Found a staircase to the Ecumenical Temple.
  5651 | D:7      | Identified the ring "Mocievog" {Contam rPois rF+++ rCorr
                  | SInv}
  5689 | D:7      | Reached skill level 11 in Dodging
  5887 | D:7      | Noticed Menkaure
  5892 | D:7      | Killed Menkaure
  5919 | D:7      | Noticed a hornet
  5923 | D:7      | Killed a hornet
  5924 | D:7      | Reached skill level 5 in Shields
  5964 | D:7      | Reached XP level 10. HP: 81/84 MP: 10/10
  6817 | D:8      | Reached skill level 12 in Dodging
  7206 | D:8      | Found a shadowy altar of Dithmenos.
  8181 | D:9      | Reached skill level 13 in Dodging
  8292 | D:9      | Found a staircase to the Orcish Mines.
  8342 | D:9      | Reached XP level 11. HP: 93/93 MP: 11/11
  8596 | D:9      | Noticed a boulder beetle
  8611 | D:9      | Killed a boulder beetle
  8939 | Temple   | Entered the Ecumenical Temple
  8997 | Temple   | Became a worshipper of the Wu Jian Council
  9045 | D:6      | Bought a pair of spiked gloves for 247 gold pieces
  9045 | D:6      | Identified the +1 pair of gloves of the Curious Geomancers
                  | {+Inv Stlth+} (You bought it in a shop on level 6 of the
                  | Dungeon)
  9185 | Orc:1    | Entered Level 1 of the Orcish Mines
  9186 | Orc:1    | Noticed Jorgrun
  9191 | Orc:1    | Noticed Nergalle
  9216 | D:9      | Killed Jorgrun
  9327 | Orc:1    | Killed Nergalle
  9328 | Orc:1    | Reached skill level 14 in Dodging
  9788 | Orc:1    | Noticed an orc knight
 10118 | D:6      | Bought a pitted leather armour for 182 gold pieces
 10118 | D:6      | Identified the +3 leather armour of Pathos {Str+5 Slay-3
                  | SInv Stlth+} (You bought it in a shop on level 6 of the
                  | Dungeon)
 10253 | Orc:1    | Killed an orc knight
 10275 | Orc:1    | Found a bloodstained altar of Trog.
 10279 | Orc:1    | Reached * piety under Wu Jian
 10461 | Orc:2    | Entered Level 2 of the Orcish Mines
 10478 | Orc:2    | Noticed an orc knight
 10480 | Orc:2    | Noticed an orc sorcerer
 10511 | Orc:2    | Killed an orc knight
 10514 | Orc:2    | Killed an orc sorcerer
 10568 | Orc:2    | Found a staircase to the Elven Halls.
 10613 | Orc:2    | Reached XP level 12. HP: 103/103 MP: 12/12
 10643 | Orc:2    | Reached skill level 10 in Long Blades
 10775 | Orc:2    | Reached ** piety under Wu Jian
 10840 | Orc:2    | Found a runed translucent door.
 10843 | Orc:2    | Noticed AIAndy's ghost (journeyman MeEE)
 11010 | Orc:2    | Reached skill level 15 in Dodging
 11139 | Orc:2    | Found Reodoj Zynopn's Antique Weapon Shoppe.
 11164 | Orc:2    | Noticed an orc high priest
 11181 | Orc:2    | HP: 5/104 [orc high priest/+0 battleaxe (15)]
 11486 | Orc:2    | Killed AIAndy's ghost
 11688 | Orc:2    | Noticed an orc high priest
 11696 | Orc:2    | Killed an orc high priest
 11697 | Orc:2    | Noticed a soul eater
 11895 | Orc:2    | Noticed an orc high priest
 11901 | Orc:2    | Killed an orc high priest
 11908 | Orc:2    | Killed an orc high priest
 11909 | Orc:2    | Reached skill level 16 in Dodging
 12176 | Orc:2    | Found Giratokajo's Distillery.
 12183 | Orc:2    | Found Heixtom's Book Boutique.
 12185 | Orc:2    | Found Ceassops's General Store.
 12285 | Elf:1    | Entered Level 1 of the Elven Halls
 12285 | Elf:1    | Noticed a deep elf knight
 12285 | Elf:1    | Noticed a deep elf demonologist
 12322 | D:10     | Entered Level 10 of the Dungeon
 13051 | D:10     | Reached *** piety under Wu Jian
 13055 | D:10     | Reached XP level 13. HP: 106/113 MP: 13/13
 13284 | D:11     | Reached skill level 10 in Fighting
 13381 | D:11     | Found Wulidef's Antique Armour Shoppe.
 13386 | D:11     | Noticed Lodul
 13397 | D:11     | Killed Lodul
 13503 | D:11     | Bought a shiny helmet for 232 gold pieces
 13514 | D:11     | Bought a masterwork scale mail for 279 gold pieces
 13514 | D:11     | Identified the +0 scale mail "Duiss" {Str+5} (You bought it
                  | in a shop on level 11 of the Dungeon)
 13520 | D:11     | Noticed Sonja
 13525 | D:11     | Killed Sonja
 13526 | D:11     | Reached skill level 17 in Dodging
 13561 | D:11     | Reached **** piety under Wu Jian
 14021 | D:11     | Found a staircase to the Lair.
 14255 | D:11     | Acquired the +9 double sword "Laffou Oveuts" {heavy, rElec}
 14989 | D:12     | Reached ***** piety under Wu Jian
 15103 | D:12     | Found a portal to a secret trove of treasure.
 15309 | Lair:1   | Entered Level 1 of the Lair of Beasts
 15676 | Lair:1   | Found a frozen archway.
 15687 | IceCv    | Entered an ice cave
 15694 | IceCv    | Reached skill level 18 in Dodging
 15695 | IceCv    | Reached skill level 10 in Throwing
 15985 | IceCv    | Reached XP level 14. HP: 41/124 MP: 14/14
 16297 | IceCv    | Found an ancient bone altar of Kikubaaqudgha.
 16857 | IceCv    | Identified the ring "Inesukume" {rC- rN+ Will+ Dex+6}
 17702 | Lair:2   | Reached skill level 10 in Shields
 17739 | Lair:2   | Found a hole to the Spider Nest.
 17887 | Lair:2   | Found a staircase to the Swamp.
 18225 | Lair:2   | Acquired a manual of Long Blades
 18858 | Spider:1 | Entered Level 1 of the Spider Nest
 18978 | Spider:1 | Reached ****** piety under Wu Jian
 18987 | Spider:1 | Reached skill level 19 in Dodging
 19099 | Spider:1 | Noticed an emperor scorpion
 19110 | Spider:1 | Killed an emperor scorpion
 20176 | Lair:3   | You fall into a shaft and drop 2 floors!
 20176 | Lair:5   | Entered Level 5 of the Lair of Beasts
 21052 | Lair:4   | Reached skill level 15 in Long Blades
 21215 | Lair:4   | Found a staircase to the Slime Pits.
 21215 | Lair:4   | Found a viscous altar of Jiyva.
 21771 | Slime:1  | Entered Level 1 of the Pits of Slime
 21837 | Lair:5   | Reached XP level 15. HP: 124/132 MP: 15/15
 21892 | Lair:5   | Noticed Urug
 21912 | Lair:5   | Killed Urug
 21933 | Lair:5   | Reached skill level 20 in Dodging
 23545 | Lair:5   | Identified the staff of air "Famm" {rElec Str+2 Dex+3}
 24003 | Spider:1 | Noticed Nikola
 24010 | Spider:1 | Noticed Roxanne
 24016 | Spider:1 | Killed Nikola
 24025 | Spider:1 | Noticed Louise
 24029 | Abyss:3  | Cast into level 3 of the Abyss (Louise)
 24137 | Abyss:3  | Noticed a tentacled starspawn
 24192 | Abyss:3  | Reached skill level 21 in Dodging
 24198 | Abyss:3  | Found a corrupted altar of Lugonu.
 24199 | Abyss:3  | Noticed a tentacled starspawn
 24204 | Abyss:3  | Killed a tentacled starspawn
 24233 | Abyss:3  | Found a corrupted altar of Lugonu.
 24255 | Abyss:3  | Noticed a tentacled starspawn
 24263 | Abyss:3  | Gained mutation: You are occasionally teleported next to
                  | monsters. [a cacodemon]
 24272 | Abyss:3  | Killed a tentacled starspawn
 24275 | Spider:1 | Escaped the Abyss
 24294 | Spider:1 | Killed Louise
 24317 | Spider:1 | Reached XP level 16. HP: 90/143 MP: 16/16
 24479 | Spider:1 | Killed Roxanne
 25262 | Spider:2 | Reached skill level 1 in Stealth
 25679 | Spider:2 | Reached skill level 5 in Stealth
 26816 | Spider:3 | Noticed Bai Suzhen
 26855 | Spider:3 | Killed Bai Suzhen
 26971 | Spider:3 | Noticed Azrael
 27133 | Spider:3 | Noticed Agnes
 27141 | Spider:3 | Slain by Agnes

Illustrated notes

Levels and vault maps discovered:
D:1:      psy_arrival_conway, layout_loops_ring,
          shapermc_ecumenical_altar_mp_ritualfount
D:2:      layout_loops_corners, serial_bayou_pond_c, minmay_box_of_dots
D:3:      layout_rooms, nicolae_overflow_hidden_temple, kennysheep_jessica_study
D:4:      layout_loops_ring, portal_sewer_entry_a, hangedman_decor_lopped,
          uniq_robin
D:5:      layout_basic, trog_butcher_becter, st_stairs_11, uniq_grinder,
          uniq_prince_ribbit1
D:6:      layout_basic, kennysheep_mini, serial_shops, shop, shop,
          nicolae_shop_real_fake_doors
D:7:      layout_loops_ring, minmay_temple_entry_antechambers, st_stairs_3,
          chequers_serial_rivers_micro_a, uniq_menkaure
D:8:      layout_basic, mainiacjoe_overflow_alcove_4
D:9:      layout_cave_pools, minmay_orc_entry_temple_small,
          hangedman_decor_opposing
D:10:     layout_basic, enter_bailey_4, minmay_hedge_maze
D:11:     layout_small_grid, grunt_lair_entry_orc_guard_hut, serial_shops,
          nicolae_square_shop, uniq_sonja, uniq_lodul
D:12:     layout_roguey, enter_trove_6
Temple:   mainiacjoe_temple_coin_purse
Lair:1:   layout_chaotic_city, portal_ice_cave_entry_pillars_1,
          grunt_megastairs_4, infiniplex_staircase_pool
Lair:2:   layout_cave_pods, swamp_mist, nicolae_spider_entry_non_spiders
Lair:3:   layout_layer_cave, beast_lair_carwin_1
Lair:4:   layout_cave_pods, slime_entry_1, chequers_serial_rivers_large_a,
          serial_bayou_shore_a
Lair:5:   hangedman_lair_in_review, layout_regular_city,
          hangedman_lair_caniforms_friends, uniq_urug
Spider:1: layout_spider_delve, uniq_louise, uniq_roxanne, uniq_nikola
Spider:2: layout_chambers
Spider:3: layout_spider_delve, hangedman_spider_tarantella_strand, uniq_azrael,
          uniq_agnes, uniq_bai_suzhen
Slime:1:  layout_caves, nicolae_slime_phagocytosis
Orc:1:    layout_diamond_mine, david_defended_altar_orc, uniq_jorgrun,
          uniq_nergalle
Orc:2:    st_orc_elflike, layout_caves, ebering_ghost_reflecting_pool
Elf:1:    layout_geoelf_octagon, serial_shops, nicolae_shop_stone, minivault_28

Skill      XL: |  1  2  3  4  5  6  7  8  9 10 11 12 13 14 15 16 |
---------------+-------------------------------------------------+-----
Long Blades    | 4 5 6 7 8 9 11 12 15 18 20 | 20.0
Dodging        | 5 6 7 8 9 11 13 14 16 18 19 21 | 21.0
Fighting       | 3 4 5 6 7 8 9 11 12 13 14 | 14.4
Throwing       | 3 4 5 7 8 9 10 | 10.0
Shields        | 1 2 3 5 6 7 8 9 10 11 12 | 12.0
Stealth        | 8 |  8.7

Action                     |  1- 3 |  4- 6 |  7- 9 | 10-12 | 13-15 | 16-18 || total
---------------------------+-------+-------+-------+-------+-------+-------++-------
  Melee: Long sword        |    48 |       |       |       |       |       ||    48
         Demon blade       |    11 |   136 |   134 |   462 |    80 |       ||   823
         Tailslap          |       |     6 |       |       |     6 |       ||    12
         Double sword      |       |       |       |       |   665 |   218 ||   883
  Throw: Stone             |    16 |       |       |       |       |       ||    16
         Throwing net      |     2 |       |     1 |       |     4 |     2 ||     9
         Boomerang         |    23 |    19 |    81 |   244 |   339 |       ||   706
         Javelin           |       |       |     1 |       |    44 |    32 ||    77
         Dart              |       |       |       |       |     9 |    10 ||    19
 Invoke: Serpent's Lash    |       |       |       |       |     1 |       ||     1
         Heavenly Storm    |       |       |       |       |       |     1 ||     1
Ability: Lunge             |       |       |       |    15 |    38 |    13 ||    66
         Whirlwind         |       |       |       |     2 |    41 |    14 ||    57
         Wall Jump         |       |       |       |       |     1 |       ||     1
  Evoke: Wand              |       |       |     3 |     6 |     5 |     2 ||    16
    Use: Scroll            |     7 |     7 |     7 |     7 |    17 |     2 ||    47
         Potion            |       |     2 |     3 |     8 |     3 |     8 ||    24
   Stab: Sleeping          |     1 |     6 |       |     2 |     5 |     5 ||    19
         Invisible         |       |       |     1 |     3 |     2 |     3 ||     9
         Distracted        |       |       |       |     1 |       |     3 ||     4
 Armour: Leather armour    |    16 |     8 |       |       |       |       ||    24
         Ring mail         |       |    24 |    31 |    63 |   114 |    38 ||   270
  Dodge: Dodged            |    39 |    72 |    93 |   303 |   636 |   205 ||  1348
  Block: Kite shield       |       |    33 |    85 |   326 |   656 |   299 ||  1399
         Reflection        |       |       |     2 |       |     1 |     3 ||     6
